 Dungeon Crawl Stone Soup version 0.19-a0-1834-g6b7851e (webtiles) character file.

87748 poirepourri the Peltast (level 15, -38/96 HPs)
             Began as a Gargoyle Fighter on Oct 8, 2016.
             Was the Champion of Cheibriados.
             Killed by Shatter
             ... invoked by Jorgrun
              (110 damage)
             ... on level 2 of the Spider Nest.
             The game lasted 00:42:40 (25093 turns).

poirepourri the Peltast (Gargoyle Fighter)         Turns: 25093, Time: 00:42:41

Health: -38/96     AC: 52    Str: 38    XL:     15   Next: 91%
Magic:  12/18      EV: 28    Int: 26    God:    Cheibriados [******]
Gold:   615        SH: 18    Dex: 36    Spells: 0 memorised, 14 levels left

rFire  . . .     SeeInvis +     a - +3 flail "Keanab" {crush, MR+ SInv}
rCold  . . .     Gourm    +     H - +15 Maxwell's patent armour {-Cast -Tele rElec MR+ rCorr}
rNeg   + . .     Faith    .     c - +0 shield
rPois  ∞         Spirit   .     (no helmet)
rElec  +         Dismiss  .     M - +0 cloak
rCorr  +         Reflect  .     l - +2 pair of gloves {Dex+3}
MR     +++..     Harm     .     X - +0 pair of boots "Mihat" {Dex+3}
Stlth  .......... NoTele   +    n - amulet of the gourmand NoCast +
                                v - +4 ring of evasion
                                u - +5 ring of protection

@: agile, very slow
A: big wings, negative energy resistance 1, electricity resistance, unbreathing,
petrification resistance, rot immunity, AC +11
a: Fly, Bend Time, Temporal Distortion, Slouch, Step From Time, Renounce
Religion


You were on level 2 of the Spider Nest.
You worshipped Cheibriados.
Cheibriados was exalted by your worship.
You were near starving.

You visited 4 branches of the dungeon, and saw 23 of its levels.
You also visited: Sewer.

You collected 1309 gold pieces.
You spent 694 gold pieces at shops.

Inventory:

Hand Weapons
 a - the +3 flail "Keanab" (weapon) {crush, MR+ SInv}
   (You found it on level 2 of the Lair of Beasts)

   It inflicts extra damage upon your enemies.
   It affects your resistance to hostile enchantments.
   It lets you see invisible.
 b - the +7 hand crossbow of Integrity {penet, rF++ SInv}
   (You found it on level 12 of the Dungeon)

   Ammo fired by it will pass through the targets it hits, potentially hitting
   all targets in its path until it reaches maximum range.
   It greatly protects you from fire.
   It lets you see invisible.
 A - a +4 mace of flaming
 W - a +3 flail of protection
Missiles
 d - 7 bolts
Armour
 c - a +0 shield (worn)
 j - a +0 scale mail of cold resistance
 l - a +2 pair of gloves of dexterity (worn)
 H - the +15 Maxwell's patent armour (worn) {-Cast -Tele rElec MR+ rCorr}
   (You acquired it on level 5 of the Lair of Beasts)

   It insulates you from electricity.
   It affects your resistance to hostile enchantments.
   It prevents spellcasting.
   It prevents most forms of teleportation.
   It protects you from acid and corrosion.
 M - a +0 cloak (worn)
 X - the +0 pair of boots "Mihat" (worn) {Dex+3}
   (You bought it in a shop on level 12 of the Dungeon)

   It affects your dexterity (+3).
Jewellery
 g - an uncursed ring of magical power
 n - an amulet of the gourmand (around neck)
 o - an uncursed ring of fire {unknown}
 u - a +5 ring of protection (left hand)
 v - a +4 ring of evasion (right hand)
 w - an uncursed ring of resist corrosion
 y - an uncursed ring of wizardry
Wands
 e - a wand of confusion (18/48)
 m - a wand of paralysis (8/24)
 q - a wand of paralysis (17/24)
 x - a wand of slowing (18/48)
 E - a wand of lightning (4/15)
 J - a wand of paralysis (15/24)
 L - a wand of confusion (20/48)
 N - a wand of confusion (17/48)
 O - a wand of paralysis (17/24)
 T - a wand of acid (5/15)
 Y - a wand of lightning (4/15)
 Z - a wand of disintegration (6/24)
Scrolls
 r - 4 scrolls of remove curse
 s - 4 scrolls of amnesia
 D - 3 scrolls of blinking
 I - 3 scrolls of recharging
 K - 3 scrolls of magic mapping
 Q - 2 scrolls of teleportation
Potions
 h - 3 potions of lignification
 i - 7 potions of flight
 B - 9 potions of curing
 C - 6 potions of agility
 F - a potion of mutation {unknown}
 P - a potion of magic {unknown}
 R - a potion of haste {unknown}
 U - 3 potions of invisibility
Books
 k - a book of Geomancy

   Spells                             Type                      Level
   a - Sandblast                      Earth                        1
   b - Passwall                       Transmutation/Earth          2
   c - Stone Arrow                    Conjuration/Earth            3
   d - Petrify                        Transmutation/Earth          4
   e - Lee's Rapid Deconstruction     Earth                        5
 t - a book of Misfortune

   Spells                             Type                      Level
   a - Confusing Touch                Hexes                        1
   b - Confuse                        Hexes                        3
   c - Gell's Gravitas                Hexes/Translocation          3
   d - Petrify                        Transmutation/Earth          4
   e - Metabolic Englaciation         Hexes/Ice                    5
   f - Yara's Violent Unravelling     Hexes/Transmutation          5
 S - a book of Battle

   Spells                             Type                      Level
   a - Infusion                       Charms                       1
   b - Shroud of Golubria             Charms/Translocation         2
   c - Song of Slaying                Charms                       2
   d - Spectral Weapon                Hexes/Charms                 3
   e - Regeneration                   Charms/Necromancy            3
 V - a book of Minor Magic

   Spells                             Type                      Level
   a - Magic Dart                     Conjuration                  1
   b - Blink                          Translocation                2
   c - Call Imp                       Summoning                    2
   d - Repel Missiles                 Charms/Air                   2
   e - Slow                           Hexes                        2
   f - Conjure Flame                  Conjuration/Fire             3
   g - Mephitic Cloud                 Conjuration/Poison/Air       3
Comestibles
 f - 13 bread rations
 p - 8 fruits
 z - 10 meat rations
 G - 2 slices of pizza


   Skills:
 + Level 12.0 Fighting
 + Level 15.3 Maces & Flails
 + Level 10.5 Armour
 + Level 9.1 Dodging
 - Level 15.7 Shields
 * Level 4.6 Invocations


You had 14 spell levels left.
You didn't know any spells.

Dungeon Overview and Level Annotations

Branches:
Dungeon (14/15)            Temple (1/1) D:7            Lair (6/6) D:8
 Shoals (0/4) Lair:3       Spider (2/4) Lair:4        Slime (0/5) Lair:6
    Orc (0/2) D:9          Vaults (0/5) D:13

Altars:
Ashenzari
Cheibriados
Dithmenos
Elyvilon
Fedhas
Gozag
Hepliaklqana
Kikubaaqudgha
Makhleb
Nemelex Xobeh
Qazlal
Ru
Sif Muna
Trog
Vehumet
Xom
Yredelemnul
Zin
The Shining One
Beogh
Jiyva

Shops:
D:8 ([}[(   D:11 [}   D:12 [

Annotations:
D:14 exclusion: Roxanne, Roxanne
Spider:2 Jorgrun


Innate Abilities, Weirdness & Mutations

You are resistant to torment.
Your stone body is resilient. (AC +11)
You are immune to poison.
Your large and strong wings let you fly indefinitely.
You resist negative energy. (rN+)
You are resistant to electric shocks. (rElec)
You can survive without breathing.
You are immune to petrification.
You are immune to rotting.


Message History

The entropy weaver hits you but does no damage.
You block Jorgrun's attack.
Unknown command.
You start eating one of the 10 meat rations.
You block the entropy weaver's attack.
Keep eating?
You block the entropy weaver's attack. The entropy weaver closely misses you.
The entropy weaver hits you but does no damage.
Jorgrun misses you.
You continue eating.
The entropy weaver hits you but does no damage.
The entropy weaver completely misses you.
The entropy weaver hits you.
The entropy weaver completely misses you.
Jorgrun says, "May tha earth consume ye!"
Jorgrun casts a spell.
The dungeon rumbles around Jorgrun!
You shudder from the earth-shattering force.
Ouch! That really hurt!
You die...

........##.#.....#....
...........^#........#
..##........#.#.##.^.#.≈
.........##†#...........
...........†..#.#.....##
..........††#.#..##.# ≈#
..#...#......†......#.≈.
.......^††.†............ .#..#.
..^...g@†#..#..........≈ .....
.#.......a.|......./.##....
#...##.^....<.......#....#......#
........#.#...#.####.........#.##
#.....#..^..........†.....#.≈# #
......^.....#....#..)..#..####
#..........^.#..#.....#....#
..#.......#.......#...##..##
†.^.#...............≈###.##


You could see Jorgrun and an entropy weaver.

Vanquished Creatures
  Arachne (Spider:2)
  Donald (Spider:2)
  Nessos (D:13)
  An entropy weaver (Spider:1)
  Snorg (D:10)
  A fire dragon (D:13)
  Erolcha (D:10)
  11 hydras
  An ice dragon (Lair:6)
  A centaur warrior (D:12)
  5 death yaks
  A queen ant (D:10)
  5 skeletal warriors (D:14)
  A deep troll (D:13)
  A wizard (D:13)
  An unseen horror (D:13)
  4 hill giants
  Pikel (D:5)
  A deep elf mage (D:11)
  5 orb spiders
  A cyclops (D:11)
  2 ugly things
  A manticore (D:13)
  11 wolf spiders
  An oklob plant (Lair:2)
  Maurice (D:13)
  12 elephants
  3 black mambas
  Psyche (D:10)
  8 spiny frogs
  A rime drake (Lair:6)
  A kobold demonologist (D:13)
  11 komodo dragons
  8 demonic crawlers
  10 jumping spiders
  3 trolls
  A two-headed ogre (D:13)
  A polar bear (Lair:6)
  4 hornets
  9 hippogriffs
  21 blink frogs
  5 dream sheep (Lair:6)
  38 redbacks
  2 shadows
  A wraith (D:12)
  6 wyverns
  28 yaks
  A spriggan (Lair:1)
  10 tarantellas
  The ghost of barakagiga the Sneak, an amateur SpEn (D:4)
  3 hogs (D:9)
  A human (D:9)
  2 basilisks
  Menkaure (D:7)
  6 vampire mosquitoes (Spider:1)
  Edmund (D:5)
  2 mottled dragons
  6 soldier ants (D:10)
  11 water moccasins
  10 porcupines
  4 orc warriors
  2 slaves (D:5)
  A black bear (D:10)
  2 ice beasts
  2 necrophages
  A phantom (D:10)
  5 sky beasts
  10 ogres
  8 centaurs
  13 wolves
  5 big kobolds
  12 crocodiles
  12 bullfrogs
  2 gnoll sergeants
  5 scorpions
  2 wyvern zombies (D:13)
  14 killer bees
  11 howler monkeys
  5 wights (D:13)
  7 crimson imps
  9 hounds
  A quasit (D:11)
  11 orc priests
  A bullfrog zombie (D:9)
  2 jellies
  15 orc wizards
  4 bullfrog skeletons
  Ijyb (D:2)
  3 iguanas
  2 hell rats (Lair:1)
  41 worker ants
  2 hound skeletons
  2 worker ant zombies
  14 adders
  12 gnolls
  11 river rats (Lair:1)
  5 shadow imps
  4 oozes
  2 adder skeletons
  4 worms
  6 leopard geckos
  45 orcs
  5 giant cockroaches
  7 goblins
  9 hobgoblins
  21 jackals
  3 quokkas
  2 ball pythons (Sewer)
  7 bats
  5 frilled lizards
  A jackal skeleton (D:7)
  A jackal zombie (D:8)
  23 kobolds
  A leopard gecko skeleton (D:4)
  9 rats
  A plant (Lair:2)
706 creatures vanquished.

Vanquished Creatures (others)
  15 fungi
  15 plants
30 creatures vanquished.

Grand Total: 736 creatures vanquished

Notes
Turn   | Place    | Note
-------+----------+-------------------------------------------
     0 | D:1      | poirepourri the Gargoyle Fighter began the quest for the Orb.
     0 | D:1      | Reached XP level 1. HP: 14/14 MP: 1/1
   109 | D:1      | Reached XP level 2. HP: 9/19 MP: 2/2
   884 | D:2      | Reached XP level 3. HP: 24/24 MP: 3/3
   915 | D:2      | Found a white marble altar of Elyvilon.
   983 | D:2      | Noticed Ijyb
  1016 | D:2      | Killed Ijyb
  1016 | D:2      | Reached skill level 1 in Dodging
  1016 | D:2      | Reached XP level 4. HP: 24/29 MP: 4/4
  1084 | D:2      | Found a shimmering altar of Xom.
  1747 | D:3      | Found a sparkling altar of Nemelex Xobeh.
  1821 | D:3      | Noticed a bullfrog
  1831 | D:3      | Killed a bullfrog
  1831 | D:3      | Reached XP level 5. HP: 22/33 MP: 5/5
  2235 | D:3      | Found a glowing drain.
  2239 | Sewer    | Entered a sewer
  2254 | Sewer    | Noticed a big kobold
  2275 | Sewer    | Killed a big kobold
  2275 | Sewer    | Reached skill level 5 in Maces & Flails
  2275 | Sewer    | Reached XP level 6. HP: 31/39 MP: 6/6
  2867 | D:3      | Reached XP level 7. HP: 44/44 MP: 7/7
  2924 | D:4      | Noticed barakagiga's ghost (amateur SpEn)
  2947 | D:4      | Killed barakagiga's ghost
  2985 | D:3      | Reached skill level 5 in Fighting
  3696 | D:4      | Reached XP level 8. HP: 44/49 MP: 8/8
  3826 | D:4      | Found a radiant altar of Vehumet.
  3855 | D:4      | Identified Vehumet's Guide on Battle Magic
  3858 | D:4      | Found an ancient bone altar of Kikubaaqudgha.
  3859 | D:4      | Found a deep blue altar of Sif Muna.
  4505 | D:5      | Entered Level 5 of the Dungeon
  4544 | D:5      | Noticed Pikel
  4589 | D:5      | Killed Pikel
  4623 | D:5      | Found a bloodstained altar of Trog.
  4642 | D:5      | Noticed Edmund
  4657 | D:5      | Killed Edmund
  4856 | D:5      | Found a hazy altar of Hepliaklqana.
  4950 | D:5      | Reached XP level 9. HP: 55/55 MP: 9/9
  6149 | D:6      | You fall through a shaft for 3 floors!
  6530 | D:9      | Reached skill level 10 in Maces & Flails
  6723 | D:9      | Reached XP level 10. HP: 62/63 MP: 10/10
  6841 | D:9      | Found a staircase to the Orcish Mines.
  6865 | D:9      | Reached skill level 5 in Dodging
  7157 | D:8      | Found Wigin's Armour Emporium.
  7181 | D:8      | Bought a +2 pair of gloves of dexterity for 344 gold pieces
  7213 | D:8      | Found Ucytaa's Gadget Boutique.
  7223 | D:8      | Found Kurhudyu's Antique Armour Shop.
  7507 | D:7      | Found a staircase to the Ecumenical Temple.
  7590 | Temple   | Entered the Ecumenical Temple
  7669 | Temple   | Became a worshipper of Cheibriados the Contemplative
  7708 | D:7      | Reached skill level 5 in Shields
  8009 | D:7      | Reached * piety under Cheibriados
  8411 | D:7      | Noticed Menkaure
  8424 | D:7      | Killed Menkaure
  8436 | D:7      | Found an opulent altar of Gozag.
  8733 | D:8      | Found a deep blue altar of Sif Muna.
  9073 | D:8      | Reached ** piety under Cheibriados
  9147 | D:8      | Found Qugeapsy's Antique Weapon Boutique.
  9156 | D:8      | Bought a glowing hand crossbow for 119 gold pieces
  9156 | D:8      | Found a staircase to the Lair.
  9191 | D:8      | Found Xiylus's Weapon Shoppe.
  9302 | D:9      | Found a roughly hewn altar of Beogh.
  9315 | D:9      | Reached skill level 5 in Armour
  9834 | D:9      | Reached XP level 11. HP: 67/68 MP: 11/11
  9853 | D:10     | Entered Level 10 of the Dungeon
  9930 | D:10     | Noticed Erolcha
  9955 | D:10     | Killed Erolcha
 10100 | D:10     | Reached *** piety under Cheibriados
 10118 | D:10     | Noticed a queen ant
 10170 | D:10     | Killed a queen ant
 10414 | D:10     | Reached **** piety under Cheibriados
 10547 | D:10     | Noticed Snorg
 10579 | D:10     | Killed Snorg
 10799 | D:10     | Noticed Psyche
 10815 | D:10     | Killed Psyche
 11249 | D:11     | Noticed a hill giant
 11263 | D:11     | Killed a hill giant
 11451 | D:11     | Noticed a deep elf mage
 11479 | D:11     | Killed a deep elf mage
 11581 | D:11     | Reached XP level 12. HP: 64/75 MP: 12/12
 11781 | D:11     | Found Filahet's Armour Boutique.
 11933 | D:11     | Found Game's Gadget Shoppe.
 11990 | D:11     | Reached ***** piety under Cheibriados
 12267 | D:12     | Noticed a centaur warrior
 12278 | D:12     | Killed a centaur warrior
 12503 | D:12     | Found Meps's Armour Shop.
 12508 | D:12     | Bought a +0 pair of gloves for 54 gold pieces
 12508 | D:12     | Bought the cursed +0 pair of boots "Mihat" {Dex+3} for 177 gold pieces
 12596 | D:12     | Noticed a five-headed hydra
 12604 | D:12     | Killed a five-headed hydra
 12815 | D:12     | Got an ichor-stained hand crossbow
 12968 | D:13     | Reached skill level 10 in Shields
 12990 | D:13     | Noticed Nessos
 13026 | D:13     | Killed Nessos
 13406 | D:13     | Found a sparkling altar of Nemelex Xobeh.
 13478 | D:13     | Noticed a fire dragon
 13499 | D:13     | Killed a fire dragon
 13499 | D:13     | Reached XP level 13. HP: 63/81 MP: 13/13
 13513 | D:13     | Found a gate to the Vaults.
 13579 | D:13     | Noticed Maurice
 13594 | D:13     | Killed Maurice
 14054 | D:13     | Reached ****** piety under Cheibriados
 14801 | D:14     | Noticed Roxanne
 15577 | Lair:1   | Entered Level 1 of the Lair of Beasts
 15581 | Lair:1   | Reached skill level 10 in Fighting
 16237 | Lair:1   | Identified the +7 hand crossbow of Integrity {penet, rF++ SInv} (You found it on level 12 of the Dungeon)
 17102 | Lair:2   | Found a shimmering altar of Xom.
 17104 | Lair:2   | Got a faintly glowing flail
 17109 | Lair:2   | Identified the +3 flail "Keanab" {crush, MR+ SInv} (You found it on level 2 of the Lair of Beasts)
 18255 | Lair:3   | Gained mutation: Your large and strong wings let you fly indefinitely. [Gargoyle growth]
 18255 | Lair:3   | Reached XP level 14. HP: 69/88 MP: 14/14
 18475 | Lair:3   | Found a staircase to the Shoals.
 18569 | Lair:3   | Found a snail-covered altar of Cheibriados.
 19318 | Lair:4   | You fall through a shaft for 2 floors!
 19318 | Lair:6   | Entered Level 6 of the Lair of Beasts
 19735 | Lair:6   | Found a frozen archway.
 20424 | Lair:6   | Found a viscous altar of Jiyva.
 20440 | Lair:6   | Found a staircase to the Slime Pits.
 21280 | Lair:5   | Identified a scroll of acquirement
 21629 | Lair:4   | Found a hole to the Spider Nest.
 22089 | Lair:4   | Reached skill level 1 in Invocations
 22089 | Lair:4   | Reached XP level 15. HP: 66/95 MP: 15/15
 22722 | Lair:5   | Reached skill level 15 in Shields
 23262 | Spider:1 | Entered Level 1 of the Spider Nest
 23683 | Spider:1 | Reached skill level 15 in Maces & Flails
 24853 | Spider:2 | Noticed Donald
 24878 | Spider:2 | Killed Donald
 24927 | Spider:2 | Reached skill level 10 in Armour
 25054 | Spider:2 | Noticed Arachne
 25076 | Spider:2 | Noticed Jorgrun
 25088 | Spider:2 | Killed Arachne
 25093 | Spider:2 | Killed from afar by Jorgrun

Vault maps used:
D:1:      dpeg_arrival_stonehenge_12_columns
D:2:      xom_teletrap_fun, elyvilon_altar_1, first_bread, serial_bayou_pond_d,
          uniq_iyjb
D:3:      gup_sewer_entry_bowl, corexii_corridor_pit,
          nemelex_xobeh_ov_fountains_minmay
D:4:      grunt_temple_overflow_magic_moments
D:5:      kennysheep_mini_moat, nicolae_overflow_crystal_walls, uniq_pikel,
          uniq_edmund
D:6:      amethyst_overflow_temple_binary, uniq_grinder
D:7:      grunt_gozag_breadcrumbs, uniq_menkaure
D:8:      lair_0_dummy, basic_altar, serial_shops, nicolae_shop_behind_doors,
          nicolae_shop_statue_plus, shop_statue,
          nicolae_shop_overgrown_old_shop, shop
D:9:      minmay_orc_entry_temple_small, grunt_livestock
D:10:     grunt_ministairs_8, zaba_antful_of_joy, uniq_snorg, uniq_erolcha,
          uniq_psyche
D:11:     serial_shops, kennysheep_little_box, shop
D:12:     serial_shops, shop
D:13:     david_vaults_4, basic_altar, uniq_maurice, uniq_nessos
D:14:     nicolae_wwwww, uniq_roxanne
Temple:   jpeg_temple_clearing
Lair:1:   kennysheep_rathole, grunt_forest_large_clearing_hut
Lair:2:   beast_lair_carwin_large_1, small_statue_intersection,
          lemuel_oklob_altar
Lair:3:   shoals_dummy_entry, basic_altar, grunt_forest_small_clearings,
          st_stairs_6
Lair:4:   spider_nest_entry_webs, minivault_26, lemuel_fruit_tree
Lair:6:   due_jungle_book, slime_altar_1,
          portal_ice_cave_entry_animals_and_master, wad_woods_road_05
Spider:1: spider_trap, einodemon_crawler_minivault
Spider:2: uniq_arachne, uniq_donald, uniq_jorgrun
Sewer:    kennysheep_pipe_town

Skill      XL: |  1  2  3  4  5  6  7  8  9 10 11 12 13 14 15 |
---------------+----------------------------------------------+-----
Maces & Flails | 3 4 5 6 7 9 10 11 12 13 14 15 | 15.3
Dodging        | 1 2 3 4 5 6 7 8 9 |  9.1
Fighting       | 4 5 6 7 8 9 10 11 12 | 12.0
Shields        | 4 6 9 11 12 14 15 | 15.7
Armour         | 5 6 8 10 | 10.5
Invocations    | 1 4 |  4.6

Action                   |  1- 3 |  4- 6 |  7- 9 | 10-12 | 13-15 || total
-------------------------+-------+-------+-------+-------+-------++-------
Melee: Flail             |   113 |   252 |   482 |  1178 |  1446 ||  3471
Invok: Slouch            |       |       |       |     1 |     6 ||     7
  Use: Scroll            |     6 |     6 |     1 |    17 |    17 ||    47
       Potion            |       |       |     4 |     6 |     6 ||    16
 Stab: Sleeping          |       |       |       |       |     1 ||     1
  Eat: Royal jelly       |       |     1 |     1 |       |       ||     2
       Bread ration      |       |     1 |       |       |       ||     1
       Fruit             |       |     4 |     6 |       |     8 ||    18
       Meat ration       |       |       |     1 |     1 |       ||     2
       Pizza             |       |       |     1 |     2 |     7 ||    10
       Beef jerky        |       |       |       |     3 |     3 ||     6
Armor: Scale mail        |   103 |   211 |   163 |   473 |   270 ||  1220
       Plate armour      |       |       |       |       |   306 ||   306
Dodge: Dodged            |    51 |   153 |   279 |   972 |  1310 ||  2765
Block: Shield            |    85 |   176 |   217 |   967 |  1823 ||  3268
